 Dungeon Crawl Stone Soup version 0.31.0-1-g2c135a008e (webtiles) character file.

Game seed: 2796474195313796365

75 Kenran the Shield-Bearer (level 4, -1/28 HPs)
             Began as a Gargoyle Fighter on Jan 20, 2024.
             Slain by an iguana (6 damage)
             ... on level 3 of the Dungeon.
             The game lasted 00:02:57 (1225 turns).

Kenran the Shield-Bearer (Gargoyle Fighter)         Turns: 1225, Time: 00:02:57

Health: -1/28      AC: 10    Str: 22    XL:     4   Next: 31%
Magic:  4/4        EV:  8    Int:  8    God:
Gold:   107        SH:  7    Dex:  9    Spells: 3/3 levels left

rFire   . . .        g - +0 mace
rCold   . . .        m - +0 kite shield
rNeg    + . .        b - +0 scale mail
rPois   ∞            (no helmet)
rElec   +            (no cloak)
rCorr   .            (no gloves)
SInv    .            (no boots)
Will    .....        (no amulet) Stlth
                     (no ring)
HPRegen 0.24/turn    (no ring)
MPRegen 0.09/turn

%: no passive effects
@: no status effects
A: sickness immunity, AC +3, negative energy resistance 1, electricity
resistance, torment resistance 1, petrification resistance
a: no special abilities


You were on level 3 of the Dungeon.
You visited 1 branch of the dungeon, and saw 3 of its levels.

You collected 107 gold pieces.

Inventory:

Hand Weapons
 a - a +0 war axe
 g - a +0 mace (weapon)
Missiles
 l - a throwing net (quivered)
Armour
 b - a +0 scale mail (worn)
 m - a +0 kite shield (worn)
Scrolls
 h - a scroll of teleportation
 j - 2 scrolls of poison {unknown}
Potions
 d - a potion of might
 e - a potion of enlightenment {unknown}
 f - a potion of heal wounds {unknown}
 i - a potion of curing {unknown}
 k - a potion of degeneration {unknown}


   Skills:
 - Level 3.2 Fighting
 - Level 3.1(3.5) Axes
 + Level 2.4(3.3) Maces & Flails
 - Level 3.2 Armour
 - Level 3.2 Shields


You had 3 spell levels left.
You didn't know any spells.
Your spell library contained the following spells:

 Spells                   Type           Power      Damage    Failure   Level
 Apportation              Tloc           0%         N/A       95%         1
 Jinxbite                 Hex            0%         N/A       98%         2
 Alistair's Intoxication  Alch           0%         N/A       100%        5


Dungeon Overview and Level Annotations

Branches:
Dungeon (3/15)

Altars:

Shops:
D:1 (   D:3 *


Innate Abilities, Weirdness & Mutations

You are immune to sickness and miasma.
Your stone body is resilient. (AC +3)
You are immune to poison.
You resist negative energy. (rN+)
You are resistant to electric shocks. (rElec)
You are resistant to unholy torment.
You are immune to petrification.


Message History

The iguana is lightly wounded.
The iguana bites you.
You barely miss the iguana.
The iguana is lightly wounded.
The iguana bites you! You block the iguana's attack.
You are too injured to fight recklessly!
You are too injured to fight recklessly!
You hit the iguana but do no damage.
The iguana is lightly wounded.
The iguana bites you but does no damage.
You hit the iguana.
The iguana is moderately wounded.
You block the iguana's attack.
You hit the iguana but do no damage.
The iguana is moderately wounded.
The iguana bites you.
* * * LOW HITPOINT WARNING * * *
You block the iguana's attack.
You completely miss the iguana.
The iguana is moderately wounded.
You block the iguana's attack.
You closely miss the iguana.
The iguana is moderately wounded.
The iguana bites you but does no damage.
You hit the iguana.
The iguana is heavily wounded.
The iguana bites you.
* * * LOW HITPOINT WARNING * * *
The iguana barely misses you.
You hit the iguana.
The iguana is almost dead.
The iguana barely misses you.
You hit the iguana but do no damage.
The iguana is almost dead.
The iguana bites you but does no damage.
You closely miss the iguana.
The iguana is almost dead.
The iguana bites you but does no damage.
The iguana bites you.
You die...

#. #. #### ####.# .#.# #.
#.. ..#.######
.....##.##.# #.#.##...#
.....#...#.#####)#.##....
.......#................#
.... #...#.###...........
.....##.##.###.#..#######
#[..............#
##....@########.# #.).l.#
#.# #.....# #.# #......#
#.# ..###.... ..# #..
..... ... ## ####### ##


You could see an iguana.

Vanquished Creatures
  3 adders
  A ribbon worm (D:3)
  2 dart slugs (D:1)
  3 endoplasms (D:1)
  2 giant cockroaches (D:1)
  4 goblins
  3 hobgoblins
  A quokka (D:1)
  2 ball pythons
  7 bats
  3 frilled lizards
  7 kobolds
  3 rats
41 creatures vanquished.

Notes
Turn   | Place    | Note
-------+----------+-------------------------------------------
     0 | D:1      | Kenran the Gargoyle Fighter began the quest for the Orb.
     0 | D:1      | Reached XP level 1. HP: 14/14 MP: 1/1
   120 | D:1      | Found a faded altar of an unknown god.
   162 | D:1      | Reached XP level 2. HP: 19/19 MP: 2/2
   323 | D:1      | Found Qubuj's Weapon Emporium.
   445 | D:1      | Reached XP level 3. HP: 13/23 MP: 3/3
   794 | D:2      | Reached skill level 1 in Maces & Flails
   902 | D:2      | You fall into a shaft and drop 1 floor!
   929 | D:3      | Found Hupp's General Store.
   982 | D:3      | Reached XP level 4. HP: 27/28 MP: 4/4
  1225 | D:3      | Slain by an iguana

Illustrated notes

Levels and vault maps discovered:
D:1:      lightli_arrival_flooded_house, layout_basic,
          shapermc_ecumenical_altar_starsandcircs, serial_shops, shop
D:2:      layout_loops_cross
D:3:      layout_loops_ring, gammafunk_ghost_abyssal_escape, serial_shops, shop,
          minmay_misc_feat_roman

Skill      XL: |  1  2  3  4 |
---------------+-------------+-----
Axes           | 2 3 |  3.1
Maces & Flails | 1 2 |  2.4
Fighting       | |  3.2
Armour         | |  3.2
Shields        | |  3.2

Action                     |  1- 3 |  4- 6 || total
---------------------------+-------+-------++-------
  Melee: War axe           |    44 |       ||    44
         Mace              |    47 |    58 ||   105
 Armour: Scale mail        |    68 |    40 ||   108
  Dodge: Dodged            |    47 |    23 ||    70
  Block: Buckler           |    23 |       ||    23
         Kite shield       |       |    35 ||    35
